 Dungeon Crawl Stone Soup version 0.17-a0-1716-gdf19ebb (webtiles) character file.

87 Leibowitz the Ducker (level 4, 0/34 HPs)
             Began as a Merfolk Gladiator on Aug 24, 2015.
             Killed from afar by an orc wizard (7 damage)
             ... with a magic dart
             ... on level 3 of the Dungeon.
             The game lasted 00:07:00 (1945 turns).

Leibowitz the Ducker (Merfolk Gladiator)            Turns: 1945, Time: 00:07:01

Health: 0/34       AC:  6    Str: 15    XL:     4   Next: 51%
Magic:  4/4        EV: 14    Int: 12    God:
Gold:   140        SH:  0    Dex: 15    Spells: 0 memorised, 3 levels left

rFire  . . .     SeeInvis .     a - +0 trident
rCold  . . .     Clarity  .     b - +0 leather armour
rNeg   . . .     SustAt   .     (no shield)
rPois  .         Gourm    .     c - +0 helmet
rElec  .         Spirit   .     i - +0 cloak
rCorr  .         Warding  .     e - +0 pair of gloves (curse)
rMut   .         Stasis   .     (no boots)
MR     .....                    (no amulet)
Stlth  +.........               (no ring)
                                u - ring of flight

@: brilliant, flying, not resistant to hostile enchantments, very unstealthy
A: change form in water, swift swim
a: no special abilities


You were on level 3 of the Dungeon.
You were not hungry.

You visited 1 branch of the dungeon, and saw 3 of its levels.

You collected 140 gold pieces.

Inventory:

Hand weapons
 a - a +0 trident (weapon)
Missiles
 d - 3 throwing nets (quivered)
 f - 12 poisoned needles
Armour
 b - a +0 leather armour (worn)
 c - a +0 helmet (worn)
 e - a cursed +0 pair of gloves (worn)
 i - a +0 cloak (worn)
Jewellery
 u - a ring of flight (left hand)
Scrolls
 h - 3 scrolls of identify {unknown}
 k - 2 scrolls of remove curse {unknown}
 l - a scroll of noise {unknown}
 m - a scroll of amnesia {unknown}
 n - a scroll of immolation {unknown}
 t - a scroll of recharging {unknown}
 v - a scroll of fear {unknown}
Potions
 j - a potion of curing
 r - a potion of experience {unknown}
 s - a potion of lignification {unknown}
 x - a potion of magic {unknown}
 z - a potion of poison {unknown}
Comestibles
 p - 3 meat rations
 q - a bread ration
 w - a chunk of flesh


   Skills:
 * Level 2.6 Fighting
 * Level 5.5 Polearms
 - Level 2.0 Throwing
 + Level 0.4 Armour
 * Level 5.5 Dodging
 + Level 0.2 Stealth


You had 3 spell levels left.
You didn't know any spells.

Dungeon Overview and Level Annotations

Branches:
Dungeon (3/15)

Altars:
Ashenzari
Dithmenos


Message History

Drink which item? (? for menu, Esc to quit)
It was a potion of flight.
You feel very buoyant.
You fly up into the air.
You feel less confused. The orc misses you.
You hear some strange, mumbled words.
A puff of flame appears from out of thin air!
The puff of flame hits you!
* * * LOW HITPOINT WARNING * * *
Drink which item? (? for menu, Esc to quit)
It was a potion of curing.
You feel better. Something hits you but does no damage. The orc misses you.
Drink which item? (? for menu, Esc to quit)
It was a potion of brilliance.
You feel clever all of a sudden.
You hear some strange, mumbled words.
A magic dart appears from out of thin air!
The magic dart hits you!
You die...

### .# ##>## .# #...#
..# ####.8.###### ..#
..##.†.##...## ...#
8..##.##..8.<# ###...#
...##.##....## #{o...+
###.....########@#...##
+..8[...'.....(.......
#.......######.#######
#.......# #.# #.......#
#.# ####+#### #.# #.#
#.# ..


You could see an orc.

Vanquished Creatures
  3 adders (D:2)
  2 oozes
  An orc (D:3)
  6 giant cockroaches
  7 hobgoblins
  4 jackals (D:2)
  8 kobolds
  6 bats
  6 giant newts
  5 goblins
  A quokka (D:2)
  2 rats
51 creatures vanquished.

Notes
Turn   | Place    | Note
--------------------------------------------------------------
     0 | D:1      | Leibowitz the Merfolk Gladiator began the quest for the Orb.
     0 | D:1      | Reached XP level 1. HP: 16/16 MP: 1/1
     5 | D:1      | Noticed an electric eel
   271 | D:1      | Reached XP level 2. HP: 20/22 MP: 2/2
   452 | D:1      | Reached skill level 5 in Polearms
   602 | D:1      | Reached XP level 3. HP: 26/28 MP: 3/3
   853 | D:2      | Found a shadowy altar of Dithmenos.
   859 | D:2      | Reached skill level 5 in Dodging
  1217 | D:2      | Found a shattered altar of Ashenzari.
  1220 | D:2      | Reached XP level 4. HP: 34/34 MP: 4/4
  1943 | D:3      | HP: 1/34 [something/puff of flame (4)]
  1945 | D:3      | Killed from afar by an orc wizard

Vault maps used:
D:1:      arrival_aquarium_a
D:2:      ashenzari_altar_1, minmay_strange_pillars,
          nicolae_dithmenos_through_a_glass_darkly
D:3:      grunt_ministairs_4

Action                   |  1- 3 |  4- 6 || total
-------------------------+-------+-------++-------
Melee: Trident           |   115 |    59 ||   174
Throw: Throwing net      |     6 |       ||     6
  Use: Potion            |       |     3 ||     3
 Stab: Sleeping          |     3 |     4 ||     7
       Held in net/web   |     1 |       ||     1
       Distracted        |       |     1 ||     1
  Eat: Chunk             |     1 |     2 ||     3
